 Dungeon Crawl Stone Soup version 0.28-a0-206-gc2c9e32840 (webtiles) character file.

Game seed: 3661190258744969904

495 theanonym the Skirmisher (level 6, 0/52 HPs)
             Began as a Mummy Brigand on Aug 21, 2021.
             Was a Follower of Okawaru.
             Slain by an iguana (9 damage)
             ... on level 4 of the Dungeon.
             The game lasted 00:07:02 (6056 turns).

theanonym the Skirmisher (Mummy Brigand)            Turns: 6056, Time: 00:07:02

Health: 0/52       AC: 11    Str: 16    XL:     6   Next: 92%
Magic:  6/6        EV:  6    Int: 10    God:    Okawaru [*.....]
Gold:   188        SH:  4    Dex: 14    Spells: 5/5 levels left

rFire   . . .      SeeInvis .   a - +0 flail
rCold   + . .      Faith    .   b - +0 buckler
rNeg    + + +      Spirit   .   n - +2 chain mail {rF+}
rPois   ∞          Reflect  .   (no helmet)
rElec   .          Harm     .   c - +0 cloak
rCorr   .          Rampage  .   (no gloves)
Will    .....                   (no boots)
Stlth   ..........              (no amulet)
HPRegen 0.17/turn               (no ring)
MPRegen 0.10/turn               (no ring)

@: no status effects
A: cold resistance 1, negative energy resistance 3, torment resistance 2, heat
vulnerability 1, no potions
a: Renounce Religion, Heroism


Innate Abilities, Weirdness & Mutations

You are immune to poison.
Your flesh is cold resistant. (rC+)
You are immune to negative energy. (rN+++)
You are immune to unholy pain and torment.
You are vulnerable to heat. (rF-)
You do not drink.


   Skills:
 + Level 5.8 Fighting
 - Level 1.5 Short Blades
 * Level 2.7 Maces & Flails
 - Level 1.5 Throwing
 - Level 0.7 Dodging
 - Level 3.2 Stealth
 * Level 2.2 Shields


You had 5 spell levels left.
You didn't know any spells.
Your spell library contained the following spells:

 Spells                   Type           Power      Damage    Failure   Level
 Apportation              Tloc           0%         N/A       100%        1
 Ensorcelled Hibernation  Hex/Ice        0%         N/A       100%        2
 Alistair's Intoxication  Tmut/Pois      0%         N/A       100%        5
 Invisibility             Hex            0%         N/A       100%        6
 Spider Form              Tmut/Pois      Unusable   N/A       N/A         3
 Shadow Creatures         Summ           Unusable   N/A       N/A         6
 Malign Gateway           Summ/Tloc      Unusable   N/A       N/A         7
 Summon Horrible Things   Summ           Unusable   N/A       N/A         8

Skill      XL: |  1  2  3  4  5  6 |
---------------+-------------------+-----
Fighting       | 3 4 5 |  5.8
Maces & Flails | 2 |  2.7
Shields        | 1 2 |  2.2
Short Blades   | |  1.5
Throwing       | |  1.5
Dodging        | |  0.7
Stealth        | |  3.2

Action                   |  1- 3 |  4- 6 || total
-------------------------+-------+-------++-------
Melee: Dagger            |    16 |       ||    16
       Mace              |    50 |    57 ||   107
       Flail             |       |   178 ||   178
Throw: Dart              |     7 |    34 ||    41
 Stab: Sleeping          |     7 |     2 ||     9
Armor: Robe              |    15 |    11 ||    26
       Scale mail        |       |    73 ||    73
       Chain mail        |       |    23 ||    23
Dodge: Dodged            |    38 |   120 ||   158
Block: Buckler           |       |    19 ||    19

Inventory:

Hand Weapons
 a - a +0 flail (weapon)
Missiles
 d - 10 poisoned darts (quivered)
 e - 2 curare-tipped darts
Armour
 b - a +0 buckler (worn)
 c - a +0 cloak (worn)
 n - a +2 chain mail of fire resistance (worn)
Scrolls
 f - 2 scrolls of teleportation {unknown}
 g - 3 scrolls of identify {unknown}
 h - a scroll of silence {unknown}
 i - a scroll of amnesia {unknown}
 j - a scroll of enchant weapon {unknown}
 k - a scroll of enchant armour {unknown}
 l - a scroll of blinking {unknown}


You were on level 4 of the Dungeon.
You worshipped Okawaru.
Okawaru was aware of your devotion.
You visited 2 branches of the dungeon, and saw 6 of its levels.

You collected 188 gold pieces.

Dungeon Overview and Level Annotations

Branches:
Dungeon (5/15)             Temple (1/1) D:4

Altars:
Ashenzari
Cheibriados
Dithmenos
Elyvilon
Fedhas
Hepliaklqana
Kikubaaqudgha
Makhleb
Nemelex Xobeh
Okawaru
Qazlal
Ru
Sif Muna
Trog
Uskayaw
Vehumet
Wu Jian
Xom
Yredelemnul
Zin
The Shining One

#.###...###..# # #.##.........# #
#.##.!..####.# # #####
#............# # #...#
####.#.####### # #.#.# ######.#.#
# #.#.###......#.# #
#.#..........#.##########
#########.##.##.@.<..............
..........#.#(#l.################
##########.###>..#≈≈≈≈≈≈≈≈≈≈≈# #
...[........#.####≈≈≈≈≈≈≈≈≈≈≈# #
.###########.## #≈≈≈≈≈≈≈≈≈≈≈####
.#### #######≈≈≈#####≈≈≈#...
....##########...#####...#≈≈≈####
......†.....##.#.......>.#≈≈≈#
....#######.##.#######...#≈≈≈#


You could see an iguana (very poisoned).

Notes
Turn   | Place    | Note
-------+----------+-------------------------------------------
     0 | D:1      | theanonym the Mummy Brigand began the quest for the Orb.
     0 | D:1      | Reached XP level 1. HP: 16/16 MP: 1/1
    40 | D:1      | Found a faded altar of an unknown god.
   366 | D:1      | Reached XP level 2. HP: 22/23 MP: 2/2
   666 | D:1      | Reached skill level 3 in Fighting
  1136 | D:2      | Noticed Natasha
  1145 | D:2      | HP: 7/24 [Natasha (11)]
  1147 | D:2      | Killed Natasha
  1148 | D:2      | Reached XP level 3. HP: 9/30 MP: 3/3
  1467 | D:2      | Noticed Natasha
  1478 | D:2      | Killed Natasha
  1479 | D:2      | Reached skill level 4 in Fighting
  1479 | D:2      | Reached XP level 4. HP: 28/38 MP: 4/4
  1518 | D:2      | Noticed Natasha
  1526 | D:2      | HP: 18/38 [Natasha (6)]
  1530 | D:2      | Killed Natasha
  1593 | D:2      | HP: 13/38 [worm (8)]
  1594 | D:2      | HP: 4/38 [worm (9)]
  2137 | D:2      | HP: 13/38 [worm (9)]
  2493 | D:2      | Noticed Terence
  2524 | D:2      | Killed Terence
  2525 | D:2      | Reached skill level 5 in Fighting
  2704 | D:2      | Reached XP level 5. HP: 44/44 MP: 5/5
  3171 | D:3      | Reached skill level 1 in Maces & Flails
  3733 | D:4      | HP: 17/44 [gnoll (10)]
  3745 | D:3      | HP: 5/44 [gnoll (6)]
  4862 | D:4      | Reached skill level 1 in Shields
  4934 | D:4      | Found a staircase to the Ecumenical Temple.
  4943 | Temple   | Entered the Ecumenical Temple
  5106 | Temple   | Became a worshipper of Warmaster Okawaru
  5234 | D:4      | Noticed an orc warrior
  5253 | D:4      | Killed an orc warrior
  5254 | D:4      | Reached skill level 2 in Maces & Flails
  5254 | D:4      | Reached XP level 6. HP: 27/51 MP: 6/6
  5257 | D:4      | HP: 24/51 [orc (4)]
  5262 | D:4      | HP: 16/51 [orc (2)]
  5757 | D:4      | Reached * piety under Okawaru
  5803 | D:4      | Reached skill level 2 in Shields
  6032 | D:5      | Entered Level 5 of the Dungeon
  6043 | D:5      | HP: 24/52 [iguana (4)]
  6050 | D:4      | HP: 9/52 [iguana (8)]
  6056 | D:4      | Slain by an iguana

Vanquished Creatures
  An orc warrior (D:4)
  A necrophage (D:4)
  A hound (D:4)
  Natasha (thrice) (D:2)
  Terence (D:2)
  2 hound skeletons (D:4)
  4 gnolls
  4 adders
  3 worms (D:2)
  2 dart slugs (D:3)
  9 orcs
  4 endoplasms
  A giant cockroach (D:2)
  4 goblins
  8 hobgoblins
  7 quokkas
  5 ball pythons
  5 bats
  3 frilled lizards
  3 kobolds (D:3)
  6 rats
77 creatures vanquished.

Table legend: (Time is in decaauts)
 A = Elapsed time spent in this place.
 B = Non-inter-level travel time spent in this place.
 C = Inter-level travel time spent in this place.
 D = Time resting spent in this place.
 E = Time spent auto-exploring this place.
 F = Levels seen in this place.
 G = Mean time per level.
                   A        B        C        D        E       F      G
               +--------+--------+--------+--------+--------+-----+--------+
         Total |   6169 |   5889 |    280 |   1887 |   3106 |   6 | 1028.2 |
       Dungeon |   5974 |   5750 |    224 |   1887 |   2973 |   5 | 1194.8 |
        Temple |    195 |    139 |     56 |      0 |    133 |   1 |  195.0 |
               +--------+--------+--------+--------+--------+-----+--------+

Top non-repeatable levels by time:
     D:1: 1620 daAuts
     D:3: 1497 daAuts
     D:2: 1474 daAuts
     D:4: 1366 daAuts
  Temple: 195 daAuts
     D:5: 15 daAuts
